 Dungeon Crawl Stone Soup version 0.22-a0-525-gf69a080 (webtiles) character file.

271 kae the Insei (level 6, -1/44 HPs)
             Began as a Demonspawn Transmuter on June 21, 2018.
             Slain by an orc warrior
             ... wielding a +0 short sword
              (20 damage)
             ... on level 3 of the Dungeon.
             The game lasted 00:03:15 (3091 turns).

kae the Insei (Demonspawn Transmuter)               Turns: 3091, Time: 00:03:16

Health: -1/44      AC:  2    Str: 11    XL:     6   Next: 2%
Magic:  9/9        EV: 26    Int: 14    God:
Gold:   154        SH:  0    Dex: 27    Spells: 4/10 levels left

rFire    . . .     SeeInvis .     - Unarmed
rCold    . . .     Gourm    .   (shield currently unavailable)
rNeg     . . .     Faith    .   (armour currently unavailable)
rPois    x         Spirit   .   (helmet currently unavailable)
rElec    .         Reflect  .   (cloak currently unavailable)
rCorr    .         Harm     .   (gloves unavailable)
MR       .....                  (boots currently unavailable)
Stlth    +++.......             (no amulet)
HPRegen  0.14/turn              (no ring)
MPRegen  0.11/turn              (no ring)

@: agile, spider-form (expiring)
A: tiny, agile 1, powered by pain 2
a: End Transformation


You were on level 3 of the Dungeon.
You were very hungry.
You were a venomous arachnid creature.
You visited 1 branch of the dungeon, and saw 4 of its levels.

You collected 154 gold pieces.

Inventory:

Hand Weapons
 f - a +2 dagger of speed (melded)
Missiles
 a - 58 arrows
Armour
 b - a +0 robe (melded)
 c - a +3 buckler (melded)
Jewellery
 r - a +3 ring of protection {unknown}
Scrolls
 e - 2 scrolls of remove curse
 h - a scroll of noise {unknown}
 k - 3 scrolls of identify {unknown}
 l - a scroll of fog {unknown}
 n - 4 scrolls of teleportation {unknown}
 p - a scroll of magic mapping
 s - a scroll of fear {unknown}
Potions
 j - a potion of heal wounds {unknown}
 m - a potion of brilliance {unknown}
 q - 2 potions of might {unknown}
Comestibles
 d - 9 rations


   Skills:
 + Level 2.1 Fighting
 + Level 2.5 Dodging
 + Level 1.5 Shields
 * Level 3.9 Unarmed Combat
 + Level 2.5 Spellcasting
 * Level 3.3 Transmutations


You had 4 spell levels left.
You knew the following spells:

 Your Spells              Type           Power        Failure   Level  Hunger
a - Beastly Appendage     Tmut           ##....       16%         1    #......
b - Sticks to Snakes      Tmut           ##......     22%         2    ###....
c - Spider Form           Tmut/Pois      #.........   56%         3    ###....

Your spell library contained the following spells:

 Spells                   Type           Power        Failure   Level  Hunger
 Confuse                  Hex            #.......     77%         3    ###....
 Tukima's Dance           Hex            #.......     77%         3    ###....
 Blade Hands              Tmut           ##........   94%         5    ######.
 Ice Form                 Ice/Tmut       #.......     89%         4    #####..
 Ensorcelled Hibernation  Hex/Ice        #.....       56%         2    ###....
 Corona                   Hex            #......      43%         1    #......
 Dazzling Spray           Conj/Hex       #.....       77%         3    ###....


Dungeon Overview and Level Annotations

Branches:
Dungeon (4/15)
 Temple: D:4-7

Altars:
Fedhas
Makhleb
Nemelex Xobeh
Uskayaw
Zin

Annotations:
D:3 exclusion: scorpion


Innate Abilities, Weirdness & Mutations

((You have claws for hands.))
You sometimes gain power by taking damage.
((You have very sharp teeth.))
You are agile. (Dex +2)
((Your system is resistant to poisons. (rPois)))


Message History

You barely miss the orc warrior.
The orc warrior is moderately wounded.
The orc warrior hits you with a short sword!
* * * LOW HITPOINT WARNING * * *
You focus on the pain.
You feel agile all of a sudden.
You hit the orc warrior but do no damage.
The orc warrior is moderately wounded.
Okay, then.
Okay, then.
You hit the orc warrior but do no damage.
The orc warrior looks as sick as possible!
The orc warrior is heavily wounded.
The orc warrior closely misses you.
It was a potion of mutation.
You feel extremely strange.
Your teeth lengthen and sharpen.
You feel resistant to poisons.
You feel agile. The orc warrior misses you.
It was a potion of curing.
You feel better.
The orc warrior hits you with a short sword!!
You die...

.##### #..........# .....#
#..........# ####.#
#..........# #.#
######..........# #.#
######(((...........## #.#
#..()..#.............#
#.####.######.##..........#
#.##...# ##..............#
#.##.######.os............#
####.#.......................#
#...>...[#####..............##
#......### #.............##
#.....## ##..........###
..##### ##...##...## .##
##o####### ## #.# # #.#


You could see an orc warrior and an orc priest (wandering).

Vanquished Creatures
  An ogre (D:4)
  A hound (D:4)
  7 adders
  An ooze (D:2)
  A worm (D:2)
  4 dart slugs
  An orc (D:4)
  A ball python (D:1)
  A giant cockroach (D:1)
  13 goblins
  13 hobgoblins
  10 jackals
  5 kobolds
  7 bats
  11 rats
77 creatures vanquished.

Notes
Turn   | Place    | Note
-------+----------+-------------------------------------------
     0 | D:1      | kae the Demonspawn Transmuter began the quest for the Orb.
     0 | D:1      | Reached XP level 1. HP: 15/15 MP: 3/3
   236 | D:1      | Gained mutation: You have sharp fingernails. [demonic ancestry]
   236 | D:1      | Reached XP level 2. HP: 21/21 MP: 3/5
  1111 | D:2      | Gained mutation: You have very sharp fingernails. [demonic ancestry]
  1111 | D:2      | Reached XP level 3. HP: 26/26 MP: 6/6
  1115 | D:2      | Learned a level 2 spell: Sticks to Snakes
  1119 | D:2      | Learned a level 3 spell: Spider Form
  1157 | D:2      | Found a sparkling altar of Nemelex Xobeh.
  1301 | D:2      | Found a hide-covered altar of Uskayaw.
  1518 | D:2      | Found a burning altar of Makhleb.
  1560 | D:2      | Gained mutation: You sometimes gain a little power by taking damage. [demonic ancestry]
  1560 | D:2      | Reached XP level 4. HP: 22/32 MP: 7/7
  1766 | D:2      | Reached skill level 1 in Shields
  2026 | D:2      | Found a glowing silver altar of Zin.
  2454 | D:3      | Gained mutation: You sometimes gain power by taking damage. [demonic ancestry]
  2454 | D:3      | Reached XP level 5. HP: 32/38 MP: 1/8
  2754 | D:3      | Found a blossoming altar of Fedhas.
  2841 | D:3      | Noticed an orc warrior
  2856 | D:4      | Noticed an ogre
  2866 | D:4      | Killed an ogre
  3035 | D:4      | Gained mutation: You have claws for hands. [demonic ancestry]
  3035 | D:4      | Reached XP level 6. HP: 38/44 MP: 9/9
  3090 | D:3      | Gained mutation: You have very sharp teeth. [potion of mutation]
  3090 | D:3      | Gained mutation: Your system is resistant to poisons. (rPois) [potion of mutation]
  3090 | D:3      | Gained mutation: You are agile. (Dex +2) [potion of mutation]
  3091 | D:3      | Slain by an orc warrior

Vault maps used:
D:1:      dpeg_arrival_ternary
D:2:      lemuel_doored_altar, old_standard_altar,
          nemelex_xobeh_ov_fountains_minmay, nicolae_overflow_crystal_walls,
          first_ration, minmay_octomino_c4
D:3:      kennysheep_big_flooded_room, fedhas_altar_2
D:4:      nicolae_dithmenos_shadow_blocks, minmay_temple_entry_fiery,
          st_stairs_5, uniq_grinder, uniq_ijyb

Skill      XL: |  1  2  3  4  5 |
---------------+----------------+-----
Transmutations | 2 3 |  3.3
Unarmed Combat | 3 |  3.9
Dodging        | 2 |  2.5
Shields        | 1 |  1.5
Fighting       | 2 |  2.1
Spellcasting   | |  2.5

Action                   |  1- 3 |  4- 6 || total
-------------------------+-------+-------++-------
Melee: Unarmed           |    13 |    27 ||    40
       Dagger            |   168 |   112 ||   280
       Headbutt          |     7 |     3 ||    10
       Kick              |     4 |     8 ||    12
 Cast: Beastly Appendage |    14 |    12 ||    26
       Spider Form       |       |     3 ||     3
  Use: Scroll            |     5 |       ||     5
       Potion            |       |     2 ||     2
 Stab: Sleeping          |     1 |       ||     1
  Eat: Chunk             |     2 |     5 ||     7
Armor: Robe              |    27 |     7 ||    34
Dodge: Dodged            |    77 |    56 ||   133
Block: Buckler           |    37 |    32 ||    69

Table legend:
 A = Spawn XP
 B = Non-spawn XP
 C = Spawn XP percentage of total XP
 D = Spawn monster count
 E = Non-spawn monster count
 F = Spawn count percentage of total count
 G = Total turns spent on level
                    A         B        C        D         E        F      G
               +---------+---------+-------+---------+---------+-------+---------
         Total |       0 |     388 |   0.0 |       0 |      77 |   0.0 |  3091
               +---------+---------+-------+---------+---------+-------+---------
           D:1 |       0 |      35 |   0.0 |       0 |      21 |   0.0 |  1042
           D:2 |       0 |     121 |   0.0 |       0 |      35 |   0.0 |  1271
           D:3 |       0 |      55 |   0.0 |       0 |      17 |   0.0 |   554
           D:4 |       0 |     177 |   0.0 |       0 |       4 |   0.0 |   224
               +---------+---------+-------+---------+---------+-------+---------
